 Dungeon Crawl Stone Soup version 0.30.1-1-g62c8e00024 (webtiles) character file.

Game seed: 1940838450134544869

126470 Gorgoleon the Spry (level 16, -3/91 HPs)
             Began as a Spriggan Hunter on July 17, 2023.
             Was the Champion of Okawaru.
             Killed from afar by a shock serpent (9 damage)
             ... with an electric aura
             ... on level 3 of the Snake Pit.
             The game lasted 01:42:37 (25620 turns).

Gorgoleon the Spry (Spriggan Hunter)               Turns: 25620, Time: 01:42:38

Health: -3/91      AC: 10    Str:  7    XL:     16   Next: 43%
Magic:  23/23      EV: 41    Int: 19    God:    Okawaru [******]
Gold:   2084       SH:  5    Dex: 25    Spells: 15/15 levels left

rFire   . . .        a - +9 shortbow (elec)
rCold   . . .        (shield currently unavailable)
rNeg    . . .        z - +4 steam dragon scales
rPois   +            (helmet restricted)
rElec   .            A - scarf {repulsion}
rCorr   .            (gloves unavailable)
SInv    +            (boots unavailable)
Will    ++...        K - amulet of reflection
Stlth   ++++++++     q - +4 ring of slaying
HPRegen 0.35/turn    F - ring "Hid Exeh" {rPois Int+7}
MPRegen 0.18/turn

%: repel missiles, reflection
@: lethally poisoned (-3 -> -5), studying Dodging, very quick
A: very small, no large weapons, unfitting armour, see invisible, speed 3
a: Renounce Religion, Heroism, Finesse, Duel


You were on level 3 of the Snake Pit.
You worshipped Okawaru.
Okawaru was exalted by your worship.
You visited 5 branches of the dungeon, and saw 26 of its levels.

You collected 3184 gold pieces.
You spent 1100 gold pieces at shops.

Inventory:

Hand Weapons
 a - a +9 shortbow of electrocution (weapon)
 y - a +0 shortbow of flaming
 J - a +0 shortbow of draining
 L - a +3 hand crossbow of flaming
Armour
 t - the +2 hood of the Assassin {Detect Stab+ Stlth++}
   (Okawaru gifted it to you on level 2 of the Snake Pit)

   Detect:    It allows the wearer to sense nearby creatures.
   Stab+:     It allows the wearer to make particularly effective stabbing
   attacks against helpless or unaware enemies with any weapon.
   Stlth:     It makes you much more stealthy.
 z - +4 steam dragon scales (worn)
 A - a scarf of repulsion (worn)
 G - the +0 hat of Joatz {SInv}
   (Okawaru gifted it to you on level 4 of the Lair of Beasts)

   SInv:      It lets you see invisible.
Jewellery
 c - a ring of resist corrosion
 f - the ring "Voja" {Drain Fly MP+9 AC+4 Int+5}
   (You found it on level 1 of the Snake Pit)

   [ring of protection]

   AC:        It affects your AC (+4).
   Int:       It affects your intelligence (+5).
   MP:        It affects your magic capacity (+9).
   Fly:       It grants you flight.
   Drain:     It drains your maximum health when unequipped.
 q - a +4 ring of slaying (left hand)
 F - the ring "Hid Exeh" (right hand) {rPois Int+7}
   (You found it on level 11 of the Dungeon)

   [ring of poison resistance]

   Int:       It affects your intelligence (+7).
   rPois:     It protects you from poison.
 K - an amulet of reflection (around neck)
Wands
 e - a wand of quicksilver (5)
 i - a wand of flame (64)
 n - a wand of iceblast (37)
 o - a wand of paralysis (8)
 p - a wand of polymorph (16)
 w - a wand of digging (23)
Scrolls
 b - 4 scrolls of immolation
 g - 2 scrolls of poison
 j - 5 scrolls of identify
 v - a scroll of magic mapping
 B - 2 scrolls of blinking
 D - 3 scrolls of fear
 I - 9 scrolls of teleportation
 O - 2 scrolls of fog
Potions
 d - a potion of haste
 h - 14 potions of heal wounds
 m - 5 potions of lignification
 r - 4 potions of cancellation
 s - 4 potions of berserk rage
 u - 4 potions of flight
 x - 3 potions of resistance
 C - 3 potions of ambrosia
 E - a potion of attraction
 P - a potion of invisibility
Miscellaneous
 l - a tin of tremorstones (2/2)
 M - a lightning rod (4/4)


   Skills:
 + Level 13.4 Fighting
 - Level 16.0 Ranged Weapons
 - Level 5.0 Armour
 * Level 20.6 Dodging
 * Level 20.2 Stealth
 - Level 8.0 Invocations
 * Level 6.0 Evocations


You had 15 spell levels left.
You didn't know any spells.
Your spell library contained the following spells:

 Spells                   Type           Power      Damage    Failure   Level
 Apportation              Tloc           0%         N/A       21%         1
 Necrotise                Necr           0%         1d4       21%         1
 Lesser Beckoning         Tloc           0%         N/A       30%         2
 Scorch                   Fire           0%         2d5       30%         2
 Static Discharge         Conj/Air       0%         2-2/arc   30%         2
 Gell's Gravitas          Tloc           0%         N/A       52%         3
 Ignite Poison            Fire/Tmut/Pois 0%         N/A       52%         3
 Portal Projectile        Hex/Tloc       0%         N/A       52%         3
 Teleport Other           Tloc           0%         N/A       52%         3
 Vampiric Draining        Necr           0%         2d6       52%         3
 Vhi's Electric Charge    Tloc/Air       0%         N/A       52%         3
 Airstrike                Air            0%         2d(0-16)  90%         4
 Flame Wave               Conj/Fire      0%         2d4       90%         4
 Leda's Liquefaction      Hex/Erth       0%         N/A       90%         4
 Passage of Golubria      Tloc           0%         N/A       90%         4
 Sticky Flame             Conj/Fire      0%         2d3       90%         4
 Agony                    Necr           0%         N/A       99%         5
 Alistair's Intoxication  Tmut/Pois      0%         N/A       99%         5
 Arcjolt                  Conj/Air       0%         1d10      99%         5
 Blade Hands              Tmut           0%         N/A       99%         5
 Irradiate                Conj/Tmut      0%         3d11      99%         5
 Yara's Violent Unravell  Hex/Tmut       0%         3d3       99%         5
 Plasma Beam              Fire/Air       0%         2x1d11    100%        6
 Dragon Form              Tmut           0%         N/A       100%        7
 Ignition                 Fire           0%         3d3       100%        8
 Summon Small Mammal      Summ           Unusable   N/A       N/A         1
 Call Canine Familiar     Summ           Unusable   N/A       N/A         3
 Summon Guardian Golem    Hex/Summ       Unusable   N/A       N/A         3
 Tukima's Dance           Hex            Unusable   N/A       N/A         3
 Summon Lightning Spire   Summ/Air       Unusable   N/A       N/A         4
 Summon Cactus Giant      Summ           Unusable   N/A       N/A         6

Dungeon Overview and Level Annotations

Branches:
Dungeon (15/15)            Temple (1/1) D:6            Lair (5/5) D:11
  Swamp (0/4) Lair:3        Snake (3/4) Lair:2        Slime (0/5) Lair:4
    Orc (2/2) D:9             Elf (0/3) Orc:2        Vaults (0/5) D:14
 Depths (0/4) D:15

Altars:
Ashenzari
Cheibriados
Dithmenos
Elyvilon
Fedhas
Gozag
Hepliaklqana
Kikubaaqudgha
Makhleb
Nemelex Xobeh
Okawaru
Qazlal
Ru
Sif Muna
Trog
Uskayaw
Vehumet
Wu Jian
Xom
Yredelemnul
Zin
The Shining One
Jiyva
Lugonu

Shops:
D:1 [   D:10 !   Orc:1 [*   Orc:2 [(**   Snake:1 :[(?   Snake:2 [   Snake:3 (([

Portals:
Abyss: Lair:5

Annotations:
D:15 3 runed translucent doors, Uwkoecio's ghost, journeyman HOFi


Innate Abilities, Weirdness & Mutations

You are very small and have problems with some larger weapons.
You are too small for most types of armour.
You have supernaturally acute eyesight. (SInv)
You cover ground extremely quickly. (Speed+++)


Message History

The arrow hits the guardian serpent but does no damage.
The guardian serpent is heavily wounded.
You feel sick. The guardian serpent hits you!! The shock serpent misses you.
You shoot an arrow. The arrow hits the guardian serpent!!
The guardian serpent is almost dead.
You feel sick.
You block the guardian serpent's attack.
The shock serpent completely misses you.
The guardian serpent barely misses you.
You shoot an arrow. The arrow hits the guardian serpent!!
You kill the guardian serpent!
Okawaru accepts your kill.
You feel sick.
The shock serpent bites you but does no damage.
Unknown command.
You shoot an arrow. The arrow hits the shock serpent!!
The shock serpent is moderately wounded.
The shock serpent's electric aura discharges, shocking you!
You feel sick.
The shock serpent completely misses you.
You shoot an arrow.
The arrow hits the shock serpent but does no damage.
The shock serpent is moderately wounded.
You feel sick.
The shock serpent completely misses you.
You shoot an arrow. The arrow hits the shock serpent!!
The shock serpent is severely wounded.
The shock serpent's electric aura discharges, shocking you!
The shock serpent completely misses you.
You shoot an arrow. The arrow hits the shock serpent!
The shock serpent is almost dead.
You feel sick.
The shock serpent shoots out a bolt of lightning at you!
The bolt of electricity hits you!!
* * * LOW HITPOINT WARNING * * *
You shoot an arrow. The arrow hits the shock serpent!
You kill the shock serpent!
Okawaru accepts your kill.
The air sparks with electricity, shocking you!
You die...

. ######....
#.@.......
#.##+##...
#.#$!(#..
##.#)$:#..
#..#####..
###..#
##....####
##...........
##....####....


There were no monsters in sight!

Vanquished Creatures
  Nikola (Snake:2)
  Kirke (D:12)
  A stone giant (D:15)
  Azrael (D:13)
  Snorg (D:13)
  Josephine (Orc:1)
  A hydra (D:15)
  An anaconda (Snake:1)
  2 boulder beetles
  4 two-headed ogres
  5 centaur warriors
  2 dancing weapons (D:14)
  A catoblepas (D:14)
  3 tengu warriors
  A death knight (D:15)
  6 naga warriors
  3 orc high priests (Orc:2)
  12 naga sharpshooters (Snake:2)
  3 thrashing horrors (Lair:5)
  3 shock serpents
  Urug (D:10)
  4 skysharks
  5 skeletal warriors
  2 naga ritualists
  A phantasmal warrior (D:15)
  6 orc knights
  8 deep elf pyromancers
  8 mana vipers
  7 orc sorcerers
  9 ugly things
  2 salamanders
  2 wolf spiders
  An oklob plant (Lair:4)
  A moth of wrath (Lair:4)
  7 cyclopes
  5 manticores
  2 guardian serpents (Snake:3)
  27 elephants
  Maurice (D:9)
  A gargoyle (D:14)
  12 naga magi
  25 black mambas
  4 cane toads
  2 smoke demons (Lair:5)
  A rime drake (Lair:1)
  4 freezing wraiths (D:15)
  A kobold demonologist (D:12)
  A tengu conjurer (D:14)
  2 efreet
  7 komodo dragons
  2 ancient zymes (Lair:5)
  7 polar bears
  3 meliai (D:15)
  10 trolls
  A tyrant leech (Lair:4)
  Grinder (D:5)
  20 blink frogs
  A blink frog (shapeshifter) (Lair:5)
  5 slime creatures (D:14)
  2 centaur simulacra (D:11)
  2 vampires
  29 yaks
  A shadow (D:9)
  A ynoxinul (Lair:5)
  A spriggan (Lair:5)
  4 wraiths
  6 wyverns
  6 hogs (D:13)
  Eustachio (D:5)
  11 basilisks
  A human (D:12)
  5 steam dragons
  A fire elemental (D:13)
  6 vampire mosquitoes (D:13)
  2 chaos spawn (Lair:5)
  2 wargs
  3 swamp worms (Lair:4)
  23 nagas
  9 small abominations (Lair:5)
  3 hell hounds (D:13)
  27 water moccasins
  A meliai simulacrum (D:11)
  A swamp drake (Lair:3)
  21 orc warriors
  4 ice beasts
  5 black bears
  14 wolves
  6 ogres
  8 centaurs
  2 phantoms
  Blork the orc (D:4)
  3 kobold brigands
  9 bullfrogs
  A two-headed ogre simulacrum (D:11)
  A scorpion (shapeshifter) (Lair:5)
  2 scorpions
  2 gnoll sergeants
  9 wights
  3 troll zombies (D:9)
  7 killer bees
  4 electric eels
  A howler monkey (D:5)
  5 crimson imps
  3 hounds
  2 gnoll boudas
  23 orc priests
  3 jellies
  A sleepcap (D:4)
  6 iguanas
  Natasha (thrice) (D:2)
  23 orc wizards
  A statue (D:4)
  A spriggan simulacrum (D:11)
  5 ogre zombies
  Robin (D:4)
  9 adders
  18 gnolls
  A shadow imp (D:7)
  8 white imps
  An ufetubus (D:5)
  3 worms
  4 dart slugs
  69 orcs
  5 ball pythons
  7 bats
  6 endoplasms
  2 giant cockroaches
  6 hobgoblins
  6 quokkas
  10 frilled lizards (D:1)
  16 goblins
  A goblin zombie (D:9)
  A hobgoblin skeleton (D:9)
  2 hobgoblin zombies (D:9)
  10 kobolds
  3 orc skeletons (D:9)
  18 orc zombies (D:9)
  3 rats
799 creatures vanquished.

Vanquished Creatures (others)
  An orc (Orc:2)
1 creature vanquished.

Grand Total: 800 creatures vanquished

Notes
Turn   | Place    | Note
-------+----------+-------------------------------------------
     0 | D:1      | Gorgoleon the Spriggan Hunter began the quest for the Orb.
     0 | D:1      | Reached XP level 1. HP: 10/10 MP: 2/2
   142 | D:1      | Found a faded altar of an unknown god.
   147 | D:1      | Reached XP level 2. HP: 15/15 MP: 3/3
   376 | D:1      | Found Ameigg Loxuy's Antique Armour Shop.
   703 | D:2      | Noticed Natasha
   709 | D:2      | Killed Natasha
   710 | D:2      | Reached XP level 3. HP: 12/18 MP: 4/4
   759 | D:2      | Noticed Natasha
   807 | D:2      | Killed Natasha
   808 | D:2      | Reached skill level 5 in Ranged Weapons
   808 | D:2      | Reached XP level 4. HP: 15/23 MP: 5/5
  1133 | D:2      | Noticed Natasha
  1137 | D:2      | Killed Natasha
  1615 | D:3      | Reached XP level 5. HP: 26/26 MP: 6/6
  2190 | D:4      | Found a radiant altar of Vehumet.
  2190 | D:4      | Noticed a frost-covered statue
  2194 | D:4      | Killed a frost-covered statue
  2374 | D:4      | Noticed an ogre
  2393 | D:4      | Killed an ogre
  2394 | D:4      | Reached XP level 6. HP: 30/30 MP: 7/7
  2409 | D:4      | Noticed Robin
  2454 | D:4      | Killed Robin
  2564 | D:4      | Noticed Blork the orc
  2576 | D:4      | Killed Blork the orc
  2728 | D:5      | Entered Level 5 of the Dungeon
  2754 | D:4      | Reached XP level 7. HP: 27/35 MP: 8/8
  2876 | D:5      | Noticed Eustachio
  2882 | D:5      | Killed Eustachio
  3089 | D:5      | Reached XP level 8. HP: 39/39 MP: 9/9
  3170 | D:5      | Identified a scroll of acquirement
  3170 | D:5      | Acquired a manual of Dodging
  3181 | D:5      | Reached skill level 10 in Ranged Weapons
  3181 | D:5      | Reached skill level 1 in Evocations
  3236 | D:5      | Noticed Grinder
  3426 | D:5      | Paralysed by Grinder for 3 turns
  3433 | D:5      | Killed Grinder
  3654 | D:6      | Reached skill level 5 in Stealth
  3655 | D:6      | Reached skill level 5 in Dodging
  3913 | D:6      | Reached XP level 9. HP: 44/44 MP: 10/10
  4052 | D:6      | Found a shimmering altar of Xom.
  4053 | D:6      | Acquired a manual of Dodging
  4353 | D:6      | Found a staircase to the Ecumenical Temple.
  4362 | Temple   | Entered the Ecumenical Temple
  4428 | Temple   | Became a worshipper of Warmaster Okawaru
  4782 | D:7      | Found a flagged portal.
  4962 | D:7      | Found a hide-covered altar of Uskayaw.
  4990 | D:7      | Found a burning altar of Makhleb.
  5078 | D:7      | Found a broken altar of Ashenzari.
  5189 | D:7      | Reached skill level 1 in Invocations
  5327 | D:7      | Reached * piety under Okawaru
  5646 | D:8      | Noticed a two-headed ogre
  5692 | D:7      | Killed a two-headed ogre
  5693 | D:7      | Reached XP level 10. HP: 28/49 MP: 12/12
  5993 | D:8      | Identified the +2 ring mail "Amic Xics" {*Corrode rC+
                  | Str+3}
  6158 | D:8      | Reached ** piety under Okawaru
  6364 | D:8      | Found a stormy altar of Qazlal.
  6364 | D:8      | Found a shimmering blue altar of Sif Muna.
  6849 | D:9      | Noticed a two-headed ogre
  6952 | D:8      | Reached *** piety under Okawaru
  7125 | D:8      | Killed a two-headed ogre
  7126 | D:8      | Reached skill level 10 in Dodging
  7203 | D:9      | Found a staircase to the Orcish Mines.
  7254 | D:9      | You fall into a shaft and drop 1 floor!
  7254 | D:10     | Entered Level 10 of the Dungeon
  7312 | D:10     | Reached skill level 5 in Fighting
  7406 | D:10     | Reached **** piety under Okawaru
  7497 | D:9      | Noticed Maurice
  7502 | D:9      | Noticed a boulder beetle
  7577 | D:9      | Reached XP level 11. HP: 55/55 MP: 13/13
  7656 | D:9      | Killed Maurice
  7677 | D:9      | Killed a boulder beetle
  7678 | D:9      | Reached skill level 10 in Stealth
  7772 | D:9      | Reached ***** piety under Okawaru
  7795 | D:9      | Acquired 1021 gold pieces
  7939 | D:9      | Noticed a deep elf pyromancer
  7954 | D:9      | Killed a deep elf pyromancer
  8316 | D:10     | Found Apume's Distillery.
  8409 | D:10     | Noticed Urug
  8426 | D:10     | Killed Urug
  8427 | D:10     | Reached skill level 15 in Ranged Weapons
  8592 | D:10     | Found a bloodstained altar of Trog.
  8618 | D:10     | Noticed a two-headed ogre
  8627 | D:10     | Killed a two-headed ogre
  9021 | D:11     | Identified the ring "Hid Exeh" {rPois Int+7}
  9069 | D:11     | Received a gift from Okawaru
  9155 | D:11     | Found the +12 glaive of Prune {freeze, Prune}
  9355 | D:11     | Received a gift from Okawaru
  9356 | D:11     | Reached XP level 12. HP: 60/60 MP: 16/16
  9472 | D:11     | Found a staircase to the Lair.
  9556 | D:11     | Found a frozen archway.
 10207 | D:12     | Found an ornate altar of the Wu Jian Council.
 10441 | D:12     | Reached skill level 5 in Invocations
 10445 | D:12     | Identified the ring "Angaby" {Will+ Dex-3 Slay+4 Stlth+}
 11304 | Lair:1   | Entered Level 1 of the Lair of Beasts
 11308 | Lair:1   | Acquired the ring of Cheibriados, Screaming {Fly rElec}
 11405 | Lair:1   | Reached ****** piety under Okawaru
 11658 | Lair:1   | Received a gift from Okawaru
 12089 | Lair:1   | Identified the +0 robe of the Transparent Trout {rCorr}
                  | (Okawaru gifted it to you on level 1 of the Lair of Beasts)
 12089 | Lair:1   | Received a gift from Okawaru
 13013 | Lair:2   | Found a staircase to the Snake Pit.
 13048 | Lair:2   | Reached XP level 13. HP: 70/70 MP: 18/18
 13485 | Lair:2   | Identified the +2 ring mail "Niff" {Dex+2}
 13598 | Lair:2   | Reached skill level 10 in Fighting
 14492 | Lair:3   | Found a staircase to the Swamp.
 14900 | Lair:4   | Identified the ring "Hiokec" {rC+ Will+ Str+2 Int+6}
 15075 | Lair:4   | Identified the +0 hat of Joatz {SInv} (Okawaru gifted it to
                  | you on level 4 of the Lair of Beasts)
 15075 | Lair:4   | Received a gift from Okawaru
 15076 | Lair:4   | Reached skill level 15 in Dodging
 15418 | Lair:4   | Found a viscous altar of Jiyva.
 15420 | Lair:4   | Found a staircase to the Slime Pits.
 15663 | Lair:5   | Entered Level 5 of the Lair of Beasts
 15702 | Lair:4   | Reached skill level 15 in Stealth
 16162 | Lair:5   | Reached XP level 14. HP: 77/77 MP: 19/19
 17015 | Lair:5   | Received a gift from Okawaru
 17034 | Lair:5   | Found a corrupted altar of Lugonu.
 17034 | Lair:5   | Found a one-way gate to the infinite horrors of the Abyss.
 17482 | Orc:1    | Entered Level 1 of the Orcish Mines
 17530 | Orc:1    | Found Rualit Ocsus's Armour Boutique.
 17583 | Orc:1    | Found Wuexti's CLEARANCE SALE!.
 17650 | Orc:1    | Noticed Josephine
 17660 | Orc:1    | Killed Josephine
 17797 | Orc:2    | Entered Level 2 of the Orcish Mines
 17829 | Orc:2    | Found a staircase to the Elven Halls.
 18258 | Orc:2    | Paralysed by an orc sorcerer for 2 turns
 18735 | Orc:2    | Found Jeugilir's Assorted Antiques.
 18735 | Orc:2    | Found Lixuk's Assorted Antiques.
 18737 | Orc:2    | Found Norch's Armour Boutique.
 18737 | Orc:2    | Found Tism's Antique Weapon Emporium.
 18748 | Orc:2    | Bought a scroll of teleportation for 93 gold pieces
 18748 | Orc:2    | Bought a potion of heal wounds for 155 gold pieces
 18753 | Orc:2    | Bought a shimmering silver ring for 155 gold pieces
 18753 | Orc:2    | Identified the ring of a Hundred Villages {rF++ rCorr} (You
                  | bought it in a shop on level 2 of the Orcish Mines)
 18753 | Orc:2    | Bought a potion of curing for 93 gold pieces
 19769 | D:13     | Noticed Kirke
 19799 | D:12     | Killed Kirke
 19819 | D:13     | Received a gift from Okawaru
 19912 | D:13     | Noticed Azrael
 19952 | D:13     | Killed Azrael
 20172 | D:13     | Reached XP level 15. HP: 85/85 MP: 21/21
 20684 | D:13     | Identified the staff of conjuration "Cairo" {rElec}
 20869 | D:14     | Noticed Snorg
 20915 | D:13     | Killed Snorg
 21119 | D:14     | Found a gate to the Vaults.
 21238 | D:14     | Identified the +10 quarterstaff "Jellyslayer" {freeze,
                  | *Noise rF++ rC- rCorr} (Okawaru gifted it to you on level
                  | 14 of the Dungeon)
 21238 | D:14     | Received a gift from Okawaru
 21261 | D:14     | Found a sparkling altar of Nemelex Xobeh.
 21911 | D:14     | Found a glowing golden altar of the Shining One.
 22000 | D:15     | Entered Level 15 of the Dungeon
 22266 | D:15     | Reached skill level 1 in Armour
 22470 | D:15     | Found a runed translucent gate.
 22470 | D:15     | Found a runed translucent gate.
 22470 | D:15     | Found a runed translucent gate.
 22470 | D:15     | Found an ancient bone altar of Kikubaaqudgha.
 22470 | D:15     | Noticed a lich
 22471 | D:15     | Noticed Uwkoecio's ghost (journeyman HOFi)
 22471 | D:15     | Noticed a lich
 22472 | D:15     | Noticed a lich
 22472 | D:15     | Noticed a lich
 23064 | D:15     | Found a staircase to the Depths.
 23079 | D:15     | Received a gift from Okawaru
 23079 | D:15     | Found the +4 robe of Folly {Brill Will-∞ Int+8}
 23389 | Snake:1  | Entered Level 1 of the Snake Pit
 23679 | Snake:1  | Identified the ring "Voja" {Drain Fly MP+9 AC+4 Int+5}
 23838 | Snake:1  | Found Puonea's Magic Scroll Shoppe.
 23838 | Snake:1  | Found Woqaxzo's Book Emporium.
 23845 | Snake:1  | Found Wonkesum's Antique Armour Emporium.
 23858 | Snake:1  | Found Qawnaqes's Weapon Shoppe.
 23863 | Snake:1  | Bought a scroll of teleportation for 33 gold pieces
 23863 | Snake:1  | Bought a scroll of teleportation for 33 gold pieces
 23863 | Snake:1  | Bought a scroll of poison for 44 gold pieces
 23863 | Snake:1  | Bought a scroll of teleportation for 33 gold pieces
 23897 | Snake:1  | Reached skill level 5 in Evocations
 24284 | Snake:1  | Reached XP level 16. HP: 34/91 MP: 23/23
 24525 | Snake:2  | Noticed Nikola
 24568 | Snake:2  | Killed Nikola
 24568 | Snake:2  | Received a gift from Okawaru
 24568 | Snake:2  | Found the +2 hood of the Assassin {Detect Stab+ Stlth++}
 24609 | Snake:2  | Reached skill level 5 in Armour
 24814 | Snake:2  | Found Toxuy's Armour Shop.
 25336 | Snake:3  | Found Rill's Antique Weapon Emporium.
 25346 | Snake:3  | Bought a runed shortbow for 150 gold pieces
 25347 | Snake:3  | Found Mounn's Weapon Boutique.
 25388 | Snake:3  | Bought a +2 hand crossbow of flaming for 311 gold pieces
 25390 | Snake:3  | Found Nimorch's Antique Armour Shoppe.
 25620 | Snake:3  | Killed from afar by a shock serpent

Illustrated notes

Levels and vault maps discovered:
D:1:      ldierk_walled_garden_2, layout_basic, serial_shops,
          nicolae_shop_temple_entry_statues_fountains,
          chequers_ecumenical_altar_simple, minmay_lizard_king
D:2:      layout_loops_cross, uniq_natasha
D:3:      layout_basic
D:4:      layout_basic, vehumet_statue, uniq_blork_the_orc, uniq_robin
D:5:      layout_basic, uniq_eustachio, uniq_grinder
D:6:      layout_basic, led_xom_imps, temple_fountains
D:7:      layout_cave_pods, mainiacjoe_overflow_alcove_2, makhleb_grotto_becter,
          ashenzari_conservatory_becter, enter_bailey_5,
          ebering_dispersal_statue_hall
D:8:      layout_basic, gammafunk_temple_overflow_elements, nicolae_wand_duel
D:9:      layout_rooms, zombieorc2_lemuel, minmay_hedge_maze,
          chequers_serial_rivers_micro_e, uniq_maurice
D:10:     layout_stronghold, lemuel_coloured_pillars_altar, serial_shops, shop,
          item_on_display_a, uniq_urug
D:11:     layout_roguey, minmay_lair_entry_grove, serial_ice, serial_ice_i,
          serial_ice_f, serial_ice_g, serial_ice_b, serial_ice_h, serial_ice_n,
          portal_ice_cave_entry_ice_simulacra
D:12:     layout_layer_cave, nicolae_wu_jian_wuxing_cycle
D:13:     layout_rooms, uniq_kirke, uniq_azrael
D:14:     layout_loops_ring, erik_vaults_1, nicolae_tso_carved_into_rock,
          nicolae_sextant, nemelex_diamond_rough_becter, uniq_snorg
D:15:     grunt_enter_depths_snipers, layout_long_grid, hex_medium,
          gammafunk_ghost_crypt
Temple:   eino_temple_water
Lair:1:   layout_cave_shapes, gammafunk_lair_bear_cave
Lair:2:   layout_cave_pods, minmay_snake_entry_six_corridors
Lair:3:   layout_chaotic_city, minmay_swamp_entry_reptiles
Lair:4:   layout_gridlike, minmay_slime_entry_oklob_enclosed, worms_lemuel
Lair:5:   hellmonk_lair_end_abyssal_woods, layout_loops_ring,
          lemuel_fruit_fields, grunt_megastairs_5
Snake:1:  layout_gridlike, minmay_shoptagon
Snake:2:  nicolae_snake_shooting_gallery, layout_rooms, serial_shops, shop,
          grunt_ministairs_12, nicolae_snake_coiling_death, uniq_nikola
Snake:3:  layout_onion, serial_shops, shop, nicolae_shop_trees, shop, shop,
          grunt_ministairs_14, nrook_guardian_serpent_double
Orc:1:    layout_diamond_mine, serial_shops, nicolae_shop_stone,
          nicolae_shop_clearance, uniq_josephine
Orc:2:    grunt_orc_tribal_feast, layout_caves

Skill      XL: |  1  2  3  4  5  6  7  8  9 10 11 12 13 14 15 16 |
---------------+-------------------------------------------------+-----
Stealth        | 2 3 4 5 7 9 10 11 15 16 19 20 | 20.2
Dodging        | 3 5 8 10 12 15 18 20 | 20.6
Fighting       | 2 3 5 8 10 12 13 | 13.4
Ranged Weapons | 5 7 9 11 12 14 16 | 16.0
Evocations     | 2 3 4 5 6 |  6.0
Invocations    | 2 4 5 6 7 8 |  8.0
Armour         | 4 5 |  5.0

Action                     |  1- 3 |  4- 6 |  7- 9 | 10-12 | 13-15 | 16-18 || total
---------------------------+-------+-------+-------+-------+-------+-------++-------
   Fire: Shortbow          |    72 |   155 |   245 |   796 |  1626 |   249 ||  3143
 Invoke: Heroism           |       |       |       |     1 |       |       ||     1
    Use: Scroll            |       |     8 |     7 |    15 |    10 |     4 ||    44
         Potion            |       |     3 |       |     2 |       |       ||     5
 Armour: Robe              |     1 |     5 |       |       |       |       ||     6
         Steam dragon scal |       |       |       |     9 |    15 |     2 ||    26
  Dodge: Dodged            |    19 |    35 |    33 |   194 |   434 |   102 ||   817
         Repelled          |       |       |       |       |     3 |     1 ||     4
  Block: Other             |       |       |       |       |    68 |    22 ||    90
         Reflection        |       |       |       |       |     4 |     8 ||    12
